River Frogs vs Little Stars
Created - April 23, 2020 at 19:25
Goals
|
| River Frogs |
1 |
0 |
2 |
3 |
| Little Stars |
0 |
4 |
5 |
9 |
|
Shots
|
| River Frogs |
13 |
5 |
18 |
36 |
| Little Stars |
14 |
16 |
14 |
44 |
|
1st period
1. River Frogs , Aaron Ness 5 (Shane Sims 39) at 19:34 (PP)
Penalties :
Scott Kosmachuck (Tex) for Tripping (Minor) at 6:24, Sebastian Wannstrom (Tex) for Holding (Minor) at 19:00
2nd period
2. Little Stars , Dana Tyrell 38 (Tyson Barrie 23, Tyler Wotherspoon 36) at 0:56
3. Little Stars , Adam Tambellini 22 (Scott Kosmachuck 38) at 3:20
4. Little Stars , Shawn Matthias 3 (Tyson Barrie 24, Tyler Wotherspoon 37) at 7:12
5. Little Stars , Jesse Joensuu 49 (Evgeny Kuznetsov 57, Scott Kosmachuck 39) at 10:00
Penalties :
Emerson Etem (Lou) for Interference (Minor) at 1:14, Leon Draisaitl (Lou) for Hooking (Minor) at 10:03
3rd period
6. Little Stars , Dana Tyrell 39 (Jesse Joensuu 62, Tyler Wotherspoon 38) at 0:49 (PP)
7. Little Stars , Jesse Joensuu 50 (Tyson Barrie 25, Dana Tyrell 43) at 2:24 (PP)
8. River Frogs , Andrew Gordon 42 (Leon Draisaitl 61) at 4:20
9. River Frogs , Ryan Fitzgerald 6 (Shane Sims 40, Austin Watson 12) at 10:48
10. Little Stars , Michael Mersch 23 (Dana Tyrell 44, Tyler Wotherspoon 39) at 15:49
11. Little Stars , Dana Tyrell 40 (Michael Mersch 16) at 16:32
12. Little Stars , Evgeny Kuznetsov 35 (Scott Kosmachuck 40, Jesse Joensuu 63) at 17:06
Penalties :
Aaron Ness (Lou) for High sticking (Minor) at 0:15, Andrew Gordon (Lou) for Hooking (Minor) at 1:12, Jared Knight (Lou) for Tripping (Minor) at 11:30
Goalie Stats
Thomas Greiss (Lou), 35 saves from 44 shots - (0.795), L, 24-21-2, 60:00 minutes
Matt Murray (Tex), 33 saves from 36 shots - (0.917), W, 35-19-6, 60:00 minutes
Players Stats for River Frogs
Player Name G A P +/- PIM S H SB GA TA FO MP PP MP PK MP
------------------------------------------------------------------------------------
Aaron Ness 1 0 1 0 2 4 2 1 0 4 0/0 29:13 1:41 3:51
Andrew Gordon 1 0 1 -2 2 5 2 1 0 1 7/7 23:13 1:19 3:29
Austin Watson 0 1 1 0 0 1 3 0 0 1 0/1 11:56 0:00 0:00
Beau Starrett 0 0 0 0 0 0 0 0 0 0 0/0 0:00 0:00 0:00
David Kolomatis 0 0 0 -3 0 0 1 0 0 1 0/0 25:08 0:52 3:18
Dillon Heatherington 0 0 0 -2 0 1 1 2 0 0 0/0 11:04 0:00 0:11
Emerson Etem 0 0 0 -1 2 2 2 2 0 0 1/1 15:23 1:09 1:22
Francis Perron 0 0 0 0 0 0 0 0 0 0 1/1 2:09 0:00 1:57
James Livingstone 0 0 0 0 0 2 0 0 0 1 0/0 11:56 0:00 0:00
Jared Knight 0 0 0 -1 2 0 0 1 0 0 9/18 15:58 1:09 1:40
Joakim Nordstrom 0 0 0 -2 0 1 1 0 0 0 0/0 8:56 0:00 1:09
Justin Florek 0 0 0 0 0 5 2 0 0 0 0/0 13:55 1:09 0:00
Leon Draisaitl 0 1 1 -2 2 3 2 1 1 0 21/34 19:31 1:20 1:10
Mario Lucia 0 0 0 0 0 0 0 0 0 0 0/0 0:11 0:04 0:00
Matt Calvert 0 0 0 -3 0 2 5 1 0 0 0/2 23:07 1:20 4:39
Maxim Mamin 0 0 0 -2 0 0 1 0 0 1 2/4 7:34 0:00 0:00
Ondrej Kase 0 0 0 -2 0 3 2 0 0 0 0/0 7:34 0:00 0:00
Richard Nejezchleb 0 0 0 0 0 0 0 0 0 0 0/0 0:16 0:09 0:00
Ryan Fitzgerald 1 0 1 0 0 2 3 0 0 0 5/6 11:56 0:00 0:00
Shane Sims 0 2 2 -2 0 5 2 3 7 1 0/0 31:49 1:41 4:25
Shea Theodore 0 0 0 -3 0 0 0 0 0 1 0/0 21:23 0:52 3:41
Players Stats for Little Stars
Player Name G A P +/- PIM S H SB GA TA FO MP PP MP PK MP
------------------------------------------------------------------------------------
Adam Tambellini 1 0 1 0 0 5 0 0 0 0 0/0 11:31 0:02 0:00
Anton Cederholm 0 0 0 1 0 0 0 2 1 1 0/0 22:06 2:01 0:00
Dana Tyrell 3 2 5 3 0 8 0 0 1 0 5/12 19:13 3:56 0:40
Daniel O'regan 0 0 0 0 0 1 0 0 0 0 4/7 12:03 0:00 0:32
Eric Knodel 0 0 0 0 0 0 0 0 0 0 0/0 4:18 0:00 0:42
Evgeny Kuznetsov 1 1 2 1 0 6 1 0 0 0 15/42 22:46 3:47 1:31
Jesse Joensuu 2 2 4 1 0 7 2 0 1 2 2/3 21:29 3:54 0:40
Michael Mersch 1 1 2 3 0 2 1 0 1 0 0/0 14:29 0:00 0:03
Patrick Wiercioch 0 0 0 2 0 0 1 0 0 0 0/0 18:45 2:51 0:42
Roman Horak 0 0 0 1 0 2 2 0 0 0 1/4 7:59 0:00 0:09
Scott Kosmachuck 0 3 3 1 2 4 0 0 0 0 1/4 20:39 3:47 0:00
Sebastian Wannstrom 0 0 0 0 2 2 1 1 1 0 0/1 11:17 0:00 0:00
Shane Gersich 0 0 0 1 0 0 1 0 0 0 0/0 7:12 0:02 0:00
Shawn Matthias 1 0 1 1 0 3 1 0 0 0 0/1 12:04 3:47 1:31
Tucker Poolman 0 0 0 2 0 0 1 1 0 0 0/0 13:34 0:00 0:00
Tyler Wotherspoon 0 4 4 3 0 2 0 0 0 3 0/0 30:21 5:42 1:51
Tyson Barrie 0 3 3 2 0 1 2 0 6 2 0/0 29:08 4:52 1:51
Zach Budish 0 0 0 3 0 1 0 1 0 0 0/0 18:31 3:54 0:00
3 Stars
1 - Dana Tyrell (Tex)
2 - Jesse Joensuu (Tex)
3 - Tyler Wotherspoon (Tex)
Power Play
River Frogs - 1 on 2 Attempt(s) - 50.00%
Little Stars - 2 on 5 Attempt(s) - 40.00%
Penalty Kill
River Frogs - 3 on 5 Attempt(s) - 60.00%
- Score 0 goal in Penalty Kill
Little Stars - 1 on 2 Attempt(s) - 50.00%
- Score 0 goal in Penalty Kill
Team Stat
River Frogs - Hits : 29 - Faceoff Wins : 46 - Blocked Shots : 12 - Penalty Minutes : 10
Little Stars - Hits : 13 - Faceoff Wins : 28 - Blocked Shots : 5 - Penalty Minutes : 4
Official
Referees : Unknown
Linesman : Unknown
Game Notes
Eric Knodel is injured at 14:42 of 1st period (Sore Left Knee)
Dana Tyrell has scored a Hat Trick!
Finance
Level 1 -- Attendance: 1521 (76.05%) -- Ticket Income $53,235
Level 2 -- Attendance: 1000 (100.00%) -- Ticket Income $15,000
Total Attendance: 2521 (84.03%)
Total Ticket Income: $68,235
Other Income: $3,412
Total Income: $71,647
River Frogs
5 vs 5 Forward
Center Left Wing Right Wing Time % Phy DF OF
1 Leon Draisaitl Matt Calvert Andrew Gordon 40 1 2 2
2 Jared Knight Justin Florek Emerson Etem 30 1 2 2
3 Ryan Fitzgerald Austin Watson James Livingstone 20 1 2 2
4 Maxim Mamin Joakim Nordstrom Ondrej Kase 10 1 2 2
5 vs 5 Defense
Defense Defense Time % Phy DF OF
1 Shane Sims Aaron Ness 40 1 2 2
2 David Kolomatis Shea Theodore 30 1 2 2
3 Dillon Heatherington Shane Sims 20 1 2 2
4 Aaron Ness David Kolomatis 10 1 2 2
PowerPlay Forward
Center Left Wing Right Wing Time % Phy DF OF
1 Leon Draisaitl Matt Calvert Andrew Gordon 60 1 2 2
2 Jared Knight Justin Florek Emerson Etem 40 1 2 2
PowerPlay Defense
Defense Defense Time % Phy DF OF
1 Shane Sims Aaron Ness 60 1 2 2
2 David Kolomatis Shea Theodore 40 1 2 2
Penalty Kill 4 Players Forward
Center Wing Time % Phy DF OF
1 Andrew Gordon Matt Calvert 60 1 2 2
2 Leon Draisaitl Emerson Etem 40 1 2 2
Penalty Kill 4 Players Defense
Defense Defense Time % Phy DF OF
1 Shane Sims Aaron Ness 60 1 2 2
2 David Kolomatis Shea Theodore 40 1 2 2
Penalty Kill - 3 Players Forward
Forward Time % Phy DF OF
1 Andrew Gordon 60 1 2 2
2 Matt Calvert 40 1 2 2
Penalty Kill - 3 Players Defense
Defense Defense Time % Phy DF OF
1 Shane Sims Aaron Ness 60 1 2 2
2 David Kolomatis Shea Theodore 40 1 2 2
4 vs 4 Forward
Center Wing Time % Phy DF OF
1 Andrew Gordon Matt Calvert 60 1 2 2
2 Leon Draisaitl Emerson Etem 40 1 2 2
4 vs 4 Defense
Defense Defense Time % Phy DF OF
1 Shane Sims Aaron Ness 60 1 2 2
2 David Kolomatis Shea Theodore 40 1 2 2
Last Minutes Offensive
Center Left Wing Right Wing Defense Defense
Leon Draisaitl Matt Calvert Andrew Gordon Shane Sims Aaron Ness
Last Minutes Defensive
Center Left Wing Right Wing Defense Defense
Leon Draisaitl Matt Calvert Andrew Gordon Shane Sims Aaron Ness
Goaltenders
Starting : Thomas Greiss
Backup : Phoenix Copley
Extra Forwards
Normal : Richard Nejezchleb, Mario Lucia, Francis Perron - PP : Richard Nejezchleb, Mario Lucia - PK : Francis Perron
Extra Defensemen
Normal : Dillon Heatherington, Shea Theodore, Shane Sims - PP : Dillon Heatherington - PK : Shea Theodore, Shane Sims
Penalty Shots
Andrew Gordon, Matt Calvert, Leon Draisaitl, Emerson Etem, Justin Florek
Scratches
Anthony Bitetto (Bruised Left Arm Injury), François Brassard (Healthy)
Little Stars
5 vs 5 Forward
Center Left Wing Right Wing Time % Phy DF OF
1 Evgeny Kuznetsov Jesse Joensuu Scott Kosmachuck 40 1 2 2
2 Dana Tyrell Michael Mersch Zach Budish 30 1 2 2
3 Daniel O'regan Adam Tambellini Sebastian Wannstrom 20 1 2 2
4 Roman Horak Shane Gersich Shawn Matthias 10 1 2 2
5 vs 5 Defense
Defense Defense Time % Phy DF OF
1 Tyson Barrie Tyler Wotherspoon 40 1 2 2
2 Patrick Wiercioch Eric Knodel 30 1 2 2
3 Anton Cederholm Tucker Poolman 20 1 2 2
4 Tyson Barrie Tyler Wotherspoon 10 1 2 2
PowerPlay Forward
Center Left Wing Right Wing Time % Phy DF OF
1 Evgeny Kuznetsov Shawn Matthias Scott Kosmachuck 60 0 2 3
2 Dana Tyrell Jesse Joensuu Zach Budish 40 0 2 3
PowerPlay Defense
Defense Defense Time % Phy DF OF
1 Tyson Barrie Tyler Wotherspoon 60 0 2 3
2 Patrick Wiercioch Eric Knodel 40 0 2 3
Penalty Kill 4 Players Forward
Center Wing Time % Phy DF OF
1 Shawn Matthias Evgeny Kuznetsov 60 0 3 2
2 Dana Tyrell Jesse Joensuu 40 0 3 2
Penalty Kill 4 Players Defense
Defense Defense Time % Phy DF OF
1 Tyson Barrie Tyler Wotherspoon 60 0 3 2
2 Patrick Wiercioch Eric Knodel 40 0 3 2
Penalty Kill - 3 Players Forward
Forward Time % Phy DF OF
1 Shawn Matthias 60 0 3 2
2 Evgeny Kuznetsov 40 0 3 2
Penalty Kill - 3 Players Defense
Defense Defense Time % Phy DF OF
1 Tyson Barrie Tyler Wotherspoon 60 0 3 2
2 Patrick Wiercioch Eric Knodel 40 0 3 2
4 vs 4 Forward
Center Wing Time % Phy DF OF
1 Shawn Matthias Evgeny Kuznetsov 60 1 2 2
2 Dana Tyrell Jesse Joensuu 40 1 2 2
4 vs 4 Defense
Defense Defense Time % Phy DF OF
1 Tyson Barrie Tyler Wotherspoon 60 1 2 2
2 Patrick Wiercioch Eric Knodel 40 1 2 2
Last Minutes Offensive
Center Left Wing Right Wing Defense Defense
Evgeny Kuznetsov Shawn Matthias Scott Kosmachuck Tyson Barrie Tyler Wotherspoon
Last Minutes Defensive
Center Left Wing Right Wing Defense Defense
Evgeny Kuznetsov Shawn Matthias Scott Kosmachuck Tyson Barrie Tyler Wotherspoon
Goaltenders
Starting : Matt Murray
Backup : Peter Delmas
Extra Forwards
Normal : Shane Gersich, Adam Tambellini, Daniel O'regan - PP : Shane Gersich, Adam Tambellini - PK : Daniel O'regan
Extra Defensemen
Normal : Anton Cederholm, Tucker Poolman, Patrick Wiercioch - PP : Anton Cederholm - PK : Tucker Poolman, Patrick Wiercioch
Penalty Shots
Shawn Matthias, Evgeny Kuznetsov, Dana Tyrell, Jesse Joensuu, Scott Kosmachuck
Scratches
Justin Auger (Fractured Orbital Bone Injury), Reece Willcox (Separated Left Shoulder Injury), Ville Pokka (Healthy), Daniil Tarasov (Abdomen/Ribs Injury), Jason Dickinson (Healthy)
Emile Poirier (Healthy), Radel Fazleev (Healthy), Julien Nantel (Healthy), Connor Knapp (Healthy), Spencer Martin (Healthy)
% Time on Ice - River Frogs
Lines # - Real PCT - Wanted PCT - Time Play
Normal Forward
1 - 35% - 40% - 17:28
2 - 26% - 30% - 12:46
3 - 24% - 20% - 11:56
4 - 15% - 10% - 7:34
Normal Defense
1 - 41% - 40% - 20:13
2 - 33% - 30% - 16:14
3 - 18% - 20% - 9:01
4 - 9% - 10% - 4:16
PP Forward
1 - 55% - 60% - 1:24
2 - 45% - 40% - 1:09
PP Defense
1 - 66% - 60% - 1:41
2 - 34% - 40% - 0:52
PK Forward
1 - 77% - 60% - 5:55
2 - 23% - 40% - 1:48
PK Defense
1 - 60% - 60% - 4:36
2 - 40% - 40% - 3:07
PK3 Forward
1 - 0% - 60%
2 - 0% - 40%
PK3 Defense
1 - 0% - 60%
2 - 0% - 40%
44 Forward
1 - 0% - 60%
2 - 0% - 40%
44 Defense
1 - 0% - 60%
2 - 0% - 40%
Last Minute Offensive - 0:00
Last Minute Defensive - 0:00
Total
Forward - 60:00
Defense - 60:00
|
% Time on Ice - Little Stars
Lines # - Real PCT - Wanted PCT - Time Play
Normal Forward
1 - 34% - 40% - 16:53
2 - 30% - 30% - 14:48
3 - 23% - 20% - 11:18
4 - 14% - 10% - 6:45
Normal Defense
1 - 38% - 40% - 19:07
2 - 35% - 30% - 17:38
3 - 21% - 20% - 10:41
4 - 5% - 10% - 2:18
PP Forward
1 - 49% - 60% - 3:47
2 - 51% - 40% - 3:56
PP Defense
1 - 63% - 60% - 4:52
2 - 37% - 40% - 2:51
PK Forward
1 - 74% - 60% - 1:53
2 - 26% - 40% - 0:40
PK Defense
1 - 73% - 60% - 1:51
2 - 27% - 40% - 0:42
PK3 Forward
1 - 0% - 60%
2 - 0% - 40%
PK3 Defense
1 - 0% - 60%
2 - 0% - 40%
44 Forward
1 - 0% - 60%
2 - 0% - 40%
44 Defense
1 - 0% - 60%
2 - 0% - 40%
Last Minute Offensive - 0:00
Last Minute Defensive - 0:00
Total
Forward - 60:00
Defense - 60:00
|
Play-by-Play
1st period
0:01 of 1st period - Leon Draisaitl wins face-off versus Evgeny Kuznetsov in neutral zone.
1:24 of 1st period - Snap shot by Scott Kosmachuck.
1:24 of 1st period - Stopped by Thomas Greiss without a rebound.
1:25 of 1st period - Leon Draisaitl wins face-off versus Roman Horak in River Frogs zone.
1:57 of 1st period - Snap shot by Justin Florek.
1:57 of 1st period - Shot Misses the Net.
1:59 of 1st period - Slapshot by David Kolomatis.
1:59 of 1st period - Shot Misses the Net.
2:30 of 1st period - Off-side.
2:31 of 1st period - Daniel O'regan wins face-off versus Leon Draisaitl in neutral zone.
2:42 of 1st period - Wrist shot by Daniel O'regan.
2:42 of 1st period - Stopped by Thomas Greiss without a rebound.
2:43 of 1st period - Leon Draisaitl wins face-off versus Scott Kosmachuck in River Frogs zone.
2:54 of 1st period - Snap shot by Leon Draisaitl.
2:54 of 1st period - Shot Misses the Net.
2:56 of 1st period - Wrist shot by Leon Draisaitl.
2:56 of 1st period - Stopped by Matt Murray with a rebound.
2:58 of 1st period - Slapshot by Shane Sims.
2:58 of 1st period - Stopped by Matt Murray without a rebound.
2:59 of 1st period - Jared Knight wins face-off versus Dana Tyrell in Little Stars zone.
3:50 of 1st period - Ondrej Kase is hit by Shawn Matthias and loses puck.
4:01 of 1st period - Wrist shot by Shane Gersich.
4:01 of 1st period - Shot Misses the Net.
4:13 of 1st period - Snap shot by Adam Tambellini.
4:13 of 1st period - Stopped by Thomas Greiss with a rebound.
4:42 of 1st period - Icing by Emerson Etem.
4:43 of 1st period - Evgeny Kuznetsov wins face-off versus Jared Knight in River Frogs zone.
4:55 of 1st period - Slapshot by Emerson Etem.
4:55 of 1st period - Deflect By Justin Florek.
4:55 of 1st period - Stopped by Matt Murray with a rebound.
4:57 of 1st period - Wrist shot by Jared Knight.
4:57 of 1st period - Deflect By Justin Florek.
4:57 of 1st period - Stopped by Matt Murray without a rebound.
4:58 of 1st period - Dana Tyrell wins face-off versus Leon Draisaitl in Little Stars zone.
5:23 of 1st period - Jared Knight is hit by Tyson Barrie and loses puck.
5:34 of 1st period - Snap shot by Evgeny Kuznetsov.
5:34 of 1st period - Shot Misses the Net.
5:43 of 1st period - Off-side.
5:44 of 1st period - Ryan Fitzgerald wins face-off versus Daniel O'regan in neutral zone.
6:09 of 1st period - Leon Draisaitl is hit by Jesse Joensuu and loses puck.
6:24 of 1st period - Minor Penalty to Scott Kosmachuck for Tripping.
6:25 of 1st period - Leon Draisaitl wins face-off versus Shawn Matthias in Little Stars zone.
8:24 of 1st period - Penalty to Scott Kosmachuck is over, Scott Kosmachuck is back on ice.
8:45 of 1st period - Slapshot by Shea Theodore.
8:45 of 1st period - Shot Blocked by Tucker Poolman.
9:30 of 1st period - Shane Sims is hit by Michael Mersch and loses puck.
9:46 of 1st period - Patrick Wiercioch is hit by Ondrej Kase and loses puck.
9:53 of 1st period - Snap shot by Ondrej Kase.
9:53 of 1st period - Stopped by Matt Murray with a rebound.
10:03 of 1st period - Slapshot by Aaron Ness.
10:03 of 1st period - Shot Misses the Net.
10:05 of 1st period - Slapshot by Aaron Ness.
10:05 of 1st period - Shot Misses the Net.
10:11 of 1st period - Slapshot by Aaron Ness.
10:11 of 1st period - Stopped by Matt Murray without a rebound.
10:12 of 1st period - Dana Tyrell wins face-off versus Leon Draisaitl in Little Stars zone.
11:11 of 1st period - Wrist shot by Dana Tyrell.
11:11 of 1st period - Shot Misses the Net.
11:19 of 1st period - Dana Tyrell is hit by Matt Calvert and loses puck.
11:26 of 1st period - Snap shot by Leon Draisaitl.
11:26 of 1st period - Stopped by Matt Murray with a rebound.
12:25 of 1st period - Wrist shot by Dana Tyrell.
12:25 of 1st period - Stopped by Thomas Greiss with a rebound.
12:27 of 1st period - Slapshot by Dana Tyrell.
12:27 of 1st period - Shot Misses the Net.
12:47 of 1st period - Wrist shot by Zach Budish.
12:47 of 1st period - Stopped by Thomas Greiss without a rebound.
12:48 of 1st period - Emerson Etem wins face-off versus Evgeny Kuznetsov in River Frogs zone.
12:53 of 1st period - Wrist shot by Evgeny Kuznetsov.
12:53 of 1st period - Stopped by Thomas Greiss with a rebound.
12:55 of 1st period - Snap shot by Evgeny Kuznetsov.
12:55 of 1st period - Shot Misses the Net.
12:57 of 1st period - Snap shot by Tyson Barrie.
12:57 of 1st period - Shot Blocked by Emerson Etem.
14:06 of 1st period - Shane Sims is hit by Evgeny Kuznetsov and loses puck.
14:21 of 1st period - Wrist shot by James Livingstone.
14:21 of 1st period - Stopped by Matt Murray without a rebound.
14:22 of 1st period - Ryan Fitzgerald wins face-off versus Roman Horak in Little Stars zone.
14:33 of 1st period - Wrist shot by Roman Horak.
14:33 of 1st period - Stopped by Thomas Greiss with a rebound.
14:35 of 1st period - Slapshot by Patrick Wiercioch.
14:35 of 1st period - Deflect By Shawn Matthias.
14:35 of 1st period - Shot Misses the Net.
14:35 of 1st period - Puck is out of play.
14:36 of 1st period - Jared Knight wins face-off versus Evgeny Kuznetsov in River Frogs zone.
14:41 of 1st period - Eric Knodel is hit by Aaron Ness and loses puck.
14:42 of 1st period - Eric Knodel from Little Stars is injured at 14:42 of 1st period (Sore Left Knee).
14:43 of 1st period - Evgeny Kuznetsov wins face-off versus Jared Knight in Little Stars zone.
14:54 of 1st period - Wrist shot by Emerson Etem.
14:54 of 1st period - Stopped by Matt Murray without a rebound.
14:55 of 1st period - Jared Knight wins face-off versus Evgeny Kuznetsov in Little Stars zone.
15:00 of 1st period - Wrist shot by Emerson Etem.
15:00 of 1st period - Shot Misses the Net.
15:02 of 1st period - Slapshot by Aaron Ness.
15:02 of 1st period - Stopped by Matt Murray with a rebound.
15:20 of 1st period - Snap shot by Dana Tyrell.
15:20 of 1st period - Stopped by Thomas Greiss with a rebound.
15:22 of 1st period - Slapshot by Anton Cederholm.
15:22 of 1st period - Shot Misses the Net.
15:24 of 1st period - Wrist shot by Dana Tyrell.
15:24 of 1st period - Stopped by Thomas Greiss without a rebound.
15:25 of 1st period - Leon Draisaitl wins face-off versus Dana Tyrell in River Frogs zone.
15:32 of 1st period - Snap shot by Matt Calvert.
15:32 of 1st period - Deflect By Michael Mersch.
15:32 of 1st period - Stopped by Matt Murray with a rebound.
16:53 of 1st period - Slapshot by Tyson Barrie.
16:53 of 1st period - Shot Blocked by Aaron Ness.
16:59 of 1st period - Wrist shot by Evgeny Kuznetsov.
16:59 of 1st period - Shot Blocked by Matt Calvert.
17:11 of 1st period - Snap shot by Shane Sims.
17:11 of 1st period - Shot Misses the Net.
17:13 of 1st period - Snap shot by Ryan Fitzgerald.
17:13 of 1st period - Shot Misses the Net.
17:41 of 1st period - Snap shot by Daniel O'regan.
17:41 of 1st period - Shot Blocked by Emerson Etem.
18:41 of 1st period - Snap shot by Zach Budish.
18:41 of 1st period - Deflect By Dana Tyrell.
18:41 of 1st period - Stopped by Thomas Greiss with a rebound.
18:43 of 1st period - Wrist shot by Dana Tyrell.
18:43 of 1st period - Shot Misses the Net.
18:45 of 1st period - Snap shot by Roman Horak.
18:45 of 1st period - Stopped by Thomas Greiss with a rebound.
18:47 of 1st period - Wrist shot by Michael Mersch.
18:47 of 1st period - Stopped by Thomas Greiss without a rebound.
18:48 of 1st period - Daniel O'regan wins face-off versus Leon Draisaitl in River Frogs zone.
18:53 of 1st period - Wrist shot by Adam Tambellini.
18:53 of 1st period - Stopped by Thomas Greiss with a rebound.
19:00 of 1st period - Minor Penalty to Sebastian Wannstrom for Holding.
19:01 of 1st period - Leon Draisaitl wins face-off versus Evgeny Kuznetsov in Little Stars zone.
19:32 of 1st period - Backhand shot by Aaron Ness.
19:32 of 1st period - Stopped by Matt Murray with a rebound.
19:34 of 1st period - Slapshot by Aaron Ness.
19:34 of 1st period - Goal by Aaron Ness - River Frogs : 1 - Little Stars : 0.
19:35 of 1st period - Evgeny Kuznetsov wins face-off versus Matt Calvert in neutral zone.
19:38 of 1st period - Snap shot by Evgeny Kuznetsov.
19:38 of 1st period - Stopped by Thomas Greiss with a rebound.
19:41 of 1st period - Icing by Leon Draisaitl.
19:42 of 1st period - Evgeny Kuznetsov wins face-off versus Leon Draisaitl in River Frogs zone.
19:45 of 1st period - Wrist shot by Jesse Joensuu.
19:45 of 1st period - Shot Misses the Net.
Goals for this period are 1 for River Frogs vs 0 for Little Stars.
Shots for this period are 13 for River Frogs vs 14 for Little Stars.
2nd period
0:01 of 2nd period - Jared Knight wins face-off versus Evgeny Kuznetsov in neutral zone.
0:04 of 2nd period - Tyson Barrie is hit by Justin Florek and loses puck.
0:11 of 2nd period - Wrist shot by Shane Sims.
0:11 of 2nd period - Stopped by Matt Murray with a rebound.
0:13 of 2nd period - Snap shot by Emerson Etem.
0:13 of 2nd period - Shot Misses the Net.
0:15 of 2nd period - Snap shot by Justin Florek.
0:15 of 2nd period - Stopped by Matt Murray with a rebound.
0:56 of 2nd period - Wrist shot by Dana Tyrell.
0:56 of 2nd period - Goal by Dana Tyrell - River Frogs : 1 - Little Stars : 1.
0:57 of 2nd period - Leon Draisaitl wins face-off versus Evgeny Kuznetsov in neutral zone.
1:02 of 2nd period - Snap shot by Andrew Gordon.
1:02 of 2nd period - Shot Blocked by Anton Cederholm.
1:07 of 2nd period - Off-side.
1:08 of 2nd period - Scott Kosmachuck wins face-off versus Jared Knight in neutral zone.
1:14 of 2nd period - Minor Penalty to Emerson Etem for Interference.
1:15 of 2nd period - Andrew Gordon wins face-off versus Evgeny Kuznetsov in River Frogs zone.
1:25 of 2nd period - Slapshot by Shawn Matthias.
1:25 of 2nd period - Stopped by Thomas Greiss with a rebound.
1:27 of 2nd period - Backhand shot by Tyler Wotherspoon.
1:27 of 2nd period - Shot Misses the Net.
1:31 of 2nd period - Wrist shot by Scott Kosmachuck.
1:31 of 2nd period - Shot Misses the Net.
1:52 of 2nd period - Icing by Scott Kosmachuck.
1:53 of 2nd period - Andrew Gordon wins face-off versus Evgeny Kuznetsov in Little Stars zone.
2:32 of 2nd period - Slapshot by Shea Theodore.
2:32 of 2nd period - Shot Blocked by Anton Cederholm.
3:14 of 2nd period - Penalty to Emerson Etem is over, Emerson Etem is back on ice.
3:18 of 2nd period - Snap shot by Adam Tambellini.
3:18 of 2nd period - Shot Misses the Net.
3:20 of 2nd period - Slapshot by Adam Tambellini.
3:20 of 2nd period - Goal by Adam Tambellini - River Frogs : 1 - Little Stars : 2.
3:21 of 2nd period - Jesse Joensuu wins face-off versus Jared Knight in neutral zone.
3:34 of 2nd period - Slapshot by Jesse Joensuu.
3:34 of 2nd period - Deflect By Emerson Etem.
3:34 of 2nd period - Stopped by Thomas Greiss with a rebound.
3:36 of 2nd period - Wrist shot by Evgeny Kuznetsov.
3:36 of 2nd period - Stopped by Thomas Greiss without a rebound.
3:37 of 2nd period - Ryan Fitzgerald wins face-off versus Dana Tyrell in River Frogs zone.
4:02 of 2nd period - Wrist shot by Daniel O'regan.
4:02 of 2nd period - Shot Misses the Net.
4:04 of 2nd period - Slapshot by Tyler Wotherspoon.
4:04 of 2nd period - Stopped by Thomas Greiss with a rebound.
4:12 of 2nd period - Slapshot by Adam Tambellini.
4:12 of 2nd period - Shot Misses the Net.
4:14 of 2nd period - Slapshot by Tyler Wotherspoon.
4:14 of 2nd period - Stopped by Thomas Greiss with a rebound.
4:24 of 2nd period - Shane Sims is hit by Shane Gersich and loses puck.
4:33 of 2nd period - Snap shot by Patrick Wiercioch.
4:33 of 2nd period - Shot Misses the Net.
4:35 of 2nd period - Snap shot by Shawn Matthias.
4:35 of 2nd period - Shot Misses the Net.
4:37 of 2nd period - Slapshot by Anton Cederholm.
4:37 of 2nd period - Deflect By Shawn Matthias.
4:37 of 2nd period - Shot Blocked by Shane Sims.
4:37 of 2nd period - Puck is out of play.
4:38 of 2nd period - Leon Draisaitl wins face-off versus Evgeny Kuznetsov in River Frogs zone.
5:08 of 2nd period - Emerson Etem is hit by Tucker Poolman.
5:26 of 2nd period - Daniel O'regan is hit by Shane Sims and loses puck.
5:35 of 2nd period - Slapshot by David Kolomatis.
5:35 of 2nd period - Deflect By Ondrej Kase.
5:35 of 2nd period - Shot Misses the Net.
5:35 of 2nd period - Puck is out of play.
5:36 of 2nd period - Andrew Gordon wins face-off versus Evgeny Kuznetsov in Little Stars zone.
5:45 of 2nd period - Slapshot by Evgeny Kuznetsov.
5:45 of 2nd period - Deflect By David Kolomatis.
5:45 of 2nd period - Shot Blocked by Andrew Gordon.
5:45 of 2nd period - Puck is out of play.
5:46 of 2nd period - Evgeny Kuznetsov wins face-off versus Leon Draisaitl in River Frogs zone.
6:05 of 2nd period - Slapshot by Tyson Barrie.
6:05 of 2nd period - Deflect By Jesse Joensuu.
6:05 of 2nd period - Stopped by Thomas Greiss with a rebound.
6:07 of 2nd period - Snap shot by Jesse Joensuu.
6:07 of 2nd period - Deflect By Scott Kosmachuck.
6:07 of 2nd period - Stopped by Thomas Greiss with a rebound.
6:09 of 2nd period - Wrist shot by Evgeny Kuznetsov.
6:09 of 2nd period - Stopped by Thomas Greiss with a rebound.
6:11 of 2nd period - Wrist shot by Scott Kosmachuck.
6:11 of 2nd period - Shot Misses the Net.
6:18 of 2nd period - Off-side.
6:19 of 2nd period - Jared Knight wins face-off versus Dana Tyrell in neutral zone.
6:46 of 2nd period - Tucker Poolman is hit by Ryan Fitzgerald.
7:12 of 2nd period - Slapshot by Tyson Barrie.
7:12 of 2nd period - Deflect By Shawn Matthias.
7:12 of 2nd period - Goal by Shawn Matthias - River Frogs : 1 - Little Stars : 3.
7:13 of 2nd period - Leon Draisaitl wins face-off versus Scott Kosmachuck in neutral zone.
7:22 of 2nd period - Snap shot by Andrew Gordon.
7:22 of 2nd period - Stopped by Matt Murray without a rebound.
7:23 of 2nd period - Leon Draisaitl wins face-off versus Evgeny Kuznetsov in Little Stars zone.
7:24 of 2nd period - Wrist shot by Andrew Gordon.
7:24 of 2nd period - Stopped by Matt Murray without a rebound.
7:25 of 2nd period - Leon Draisaitl wins face-off versus Evgeny Kuznetsov in Little Stars zone.
7:50 of 2nd period - Tyson Barrie is hit by Aaron Ness and loses puck.
8:12 of 2nd period - Snap shot by Dana Tyrell.
8:12 of 2nd period - Deflect By Sebastian Wannstrom.
8:12 of 2nd period - Stopped by Thomas Greiss with a rebound.
9:01 of 2nd period - Tyler Wotherspoon is hit by Dillon Heatherington and loses puck.
9:46 of 2nd period - Slapshot by Austin Watson.
9:46 of 2nd period - Stopped by Matt Murray without a rebound.
9:47 of 2nd period - Evgeny Kuznetsov wins face-off versus Leon Draisaitl in Little Stars zone.
10:00 of 2nd period - Snap shot by Jesse Joensuu.
10:00 of 2nd period - Goal by Jesse Joensuu - River Frogs : 1 - Little Stars : 4.
10:01 of 2nd period - Evgeny Kuznetsov wins face-off versus Leon Draisaitl in neutral zone.
10:03 of 2nd period - Minor Penalty to Leon Draisaitl for Hooking.
10:04 of 2nd period - Andrew Gordon wins face-off versus Evgeny Kuznetsov in River Frogs zone.
10:20 of 2nd period - Snap shot by Shawn Matthias.
10:20 of 2nd period - Stopped by Thomas Greiss with a rebound.
10:38 of 2nd period - Slapshot by Tyson Barrie.
10:38 of 2nd period - Stopped by Thomas Greiss with a rebound.
12:03 of 2nd period - Penalty to Leon Draisaitl is over, Leon Draisaitl is back on ice.
12:30 of 2nd period - Daniel O'regan is hit by Joakim Nordstrom and loses puck.
13:17 of 2nd period - Sebastian Wannstrom is hit by Matt Calvert and loses puck.
13:38 of 2nd period - Tyson Barrie is hit by Maxim Mamin and loses puck.
14:26 of 2nd period - Scott Kosmachuck is hit by Ryan Fitzgerald and loses puck.
15:07 of 2nd period - Michael Mersch is hit by David Kolomatis and loses puck.
15:38 of 2nd period - Wrist shot by James Livingstone.
15:38 of 2nd period - Shot Misses the Net.
15:40 of 2nd period - Slapshot by Jared Knight.
15:40 of 2nd period - Deflect By Ryan Fitzgerald.
15:40 of 2nd period - Shot Misses the Net.
15:40 of 2nd period - Puck is out of play.
15:41 of 2nd period - Maxim Mamin wins face-off versus Roman Horak in Little Stars zone.
15:46 of 2nd period - Snap shot by Ondrej Kase.
15:46 of 2nd period - Deflect By Patrick Wiercioch.
15:46 of 2nd period - Shot Misses the Net.
15:46 of 2nd period - Puck is out of play.
15:47 of 2nd period - Roman Horak wins face-off versus Maxim Mamin in Little Stars zone.
15:52 of 2nd period - Joakim Nordstrom is hit by Roman Horak and loses puck.
16:15 of 2nd period - Off-side.
16:16 of 2nd period - Evgeny Kuznetsov wins face-off versus Leon Draisaitl in neutral zone.
16:25 of 2nd period - Slapshot by Scott Kosmachuck.
16:25 of 2nd period - Stopped by Thomas Greiss with a rebound.
17:49 of 2nd period - Snap shot by Jesse Joensuu.
17:49 of 2nd period - Shot Misses the Net.
18:09 of 2nd period - Backhand shot by Jared Knight.
18:09 of 2nd period - Deflect By Emerson Etem.
18:09 of 2nd period - Shot Misses the Net.
18:09 of 2nd period - Puck is out of play.
18:10 of 2nd period - Evgeny Kuznetsov wins face-off versus Jared Knight in Little Stars zone.
18:35 of 2nd period - Dana Tyrell is hit by Andrew Gordon and loses puck.
18:48 of 2nd period - Slapshot by Leon Draisaitl.
18:48 of 2nd period - Shot Hit the Post.
19:26 of 2nd period - Snap shot by Shawn Matthias.
19:26 of 2nd period - Shot Blocked by Dillon Heatherington.
19:32 of 2nd period - Shane Sims is hit by Roman Horak and loses puck.
19:58 of 2nd period - Tucker Poolman is hit by Emerson Etem and loses puck.
Goals for this period are 0 for River Frogs vs 4 for Little Stars.
Shots for this period are 5 for River Frogs vs 16 for Little Stars.
3rd period
0:01 of 3rd period - Leon Draisaitl wins face-off versus Jesse Joensuu in neutral zone.
0:06 of 3rd period - Slapshot by Shane Sims.
0:06 of 3rd period - Stopped by Matt Murray without a rebound.
0:07 of 3rd period - Evgeny Kuznetsov wins face-off versus Leon Draisaitl in Little Stars zone.
0:15 of 3rd period - Minor Penalty to Aaron Ness for High sticking.
0:16 of 3rd period - Andrew Gordon wins face-off versus Evgeny Kuznetsov in River Frogs zone.
0:49 of 3rd period - Slapshot by Dana Tyrell.
0:49 of 3rd period - Goal by Dana Tyrell - River Frogs : 1 - Little Stars : 5.
0:50 of 3rd period - Leon Draisaitl wins face-off versus Evgeny Kuznetsov in neutral zone.
1:12 of 3rd period - Minor Penalty to Andrew Gordon for Hooking.
1:13 of 3rd period - Francis Perron wins face-off versus Evgeny Kuznetsov in River Frogs zone.
2:04 of 3rd period - Slapshot by Tyler Wotherspoon.
2:04 of 3rd period - Shot Blocked by Jared Knight.
2:24 of 3rd period - Wrist shot by Jesse Joensuu.
2:24 of 3rd period - Goal by Jesse Joensuu - River Frogs : 1 - Little Stars : 6.
2:25 of 3rd period - Daniel O'regan wins face-off versus Ryan Fitzgerald in neutral zone.
2:36 of 3rd period - Snap shot by Adam Tambellini.
2:36 of 3rd period - Stopped by Thomas Greiss without a rebound.
2:37 of 3rd period - Evgeny Kuznetsov wins face-off versus Leon Draisaitl in River Frogs zone.
3:25 of 3rd period - Tyler Wotherspoon is hit by Ondrej Kase and loses puck.
3:36 of 3rd period - Backhand shot by Ondrej Kase.
3:36 of 3rd period - Shot Misses the Net.
3:41 of 3rd period - Off-side.
3:42 of 3rd period - Ryan Fitzgerald wins face-off versus Scott Kosmachuck in neutral zone.
3:45 of 3rd period - Evgeny Kuznetsov is hit by Ryan Fitzgerald.
3:59 of 3rd period - Anton Cederholm is hit by Austin Watson and loses puck.
4:10 of 3rd period - Snap shot by Leon Draisaitl.
4:10 of 3rd period - Shot Blocked by Sebastian Wannstrom.
4:12 of 3rd period - Snap shot by Shane Sims.
4:12 of 3rd period - Stopped by Matt Murray without a rebound.
4:13 of 3rd period - Leon Draisaitl wins face-off versus Daniel O'regan in Little Stars zone.
4:16 of 3rd period - Snap shot by Andrew Gordon.
4:16 of 3rd period - Shot Misses the Net.
4:18 of 3rd period - Slapshot by Shane Sims.
4:18 of 3rd period - Deflect By Andrew Gordon.
4:18 of 3rd period - Shot Misses the Net.
4:18 of 3rd period - Puck is out of play.
4:19 of 3rd period - Leon Draisaitl wins face-off versus Evgeny Kuznetsov in Little Stars zone.
4:20 of 3rd period - Slapshot by Andrew Gordon.
4:20 of 3rd period - Goal by Andrew Gordon - River Frogs : 2 - Little Stars : 6.
4:21 of 3rd period - Leon Draisaitl wins face-off versus Evgeny Kuznetsov in neutral zone.
5:12 of 3rd period - Off-side.
5:13 of 3rd period - Ryan Fitzgerald wins face-off versus Sebastian Wannstrom in neutral zone.
5:16 of 3rd period - Anton Cederholm is hit by Austin Watson and loses puck.
5:35 of 3rd period - Wrist shot by Sebastian Wannstrom.
5:35 of 3rd period - Stopped by Thomas Greiss without a rebound.
5:36 of 3rd period - Leon Draisaitl wins face-off versus Evgeny Kuznetsov in River Frogs zone.
6:01 of 3rd period - Michael Mersch is hit by Emerson Etem and loses puck.
6:10 of 3rd period - Snap shot by Emerson Etem.
6:10 of 3rd period - Stopped by Matt Murray with a rebound.
6:50 of 3rd period - Wrist shot by Ondrej Kase.
6:50 of 3rd period - Stopped by Matt Murray with a rebound.
6:52 of 3rd period - Wrist shot by Ondrej Kase.
6:52 of 3rd period - Stopped by Matt Murray without a rebound.
6:53 of 3rd period - Evgeny Kuznetsov wins face-off versus Leon Draisaitl in Little Stars zone.
6:53 of 3rd period - Evgeny Kuznetsov is hit by Leon Draisaitl.
6:59 of 3rd period - Snap shot by Matt Calvert.
6:59 of 3rd period - Shot Misses the Net.
7:09 of 3rd period - Wrist shot by Matt Calvert.
7:09 of 3rd period - Stopped by Matt Murray without a rebound.
7:10 of 3rd period - Jared Knight wins face-off versus Dana Tyrell in Little Stars zone.
7:13 of 3rd period - Snap shot by Emerson Etem.
7:13 of 3rd period - Shot Blocked by Zach Budish.
7:36 of 3rd period - Tyson Barrie is hit by Matt Calvert and loses puck.
8:51 of 3rd period - Slapshot by Shea Theodore.
8:51 of 3rd period - Shot Misses the Net.
8:53 of 3rd period - Snap shot by Ryan Fitzgerald.
8:53 of 3rd period - Stopped by Matt Murray with a rebound.
8:55 of 3rd period - Slapshot by Ryan Fitzgerald.
8:55 of 3rd period - Shot Misses the Net.
8:57 of 3rd period - Wrist shot by David Kolomatis.
8:57 of 3rd period - Shot Misses the Net.
8:59 of 3rd period - Slapshot by David Kolomatis.
8:59 of 3rd period - Shot Misses the Net.
9:01 of 3rd period - Snap shot by James Livingstone.
9:01 of 3rd period - Stopped by Matt Murray without a rebound.
9:02 of 3rd period - Leon Draisaitl wins face-off versus Evgeny Kuznetsov in Little Stars zone.
9:13 of 3rd period - Shane Sims is hit by Jesse Joensuu and loses puck.
9:18 of 3rd period - Snap shot by Jesse Joensuu.
9:18 of 3rd period - Stopped by Thomas Greiss without a rebound.
9:19 of 3rd period - Daniel O'regan wins face-off versus Jared Knight in River Frogs zone.
9:22 of 3rd period - Wrist shot by Adam Tambellini.
9:22 of 3rd period - Stopped by Thomas Greiss without a rebound.
9:23 of 3rd period - Jared Knight wins face-off versus Daniel O'regan in River Frogs zone.
9:33 of 3rd period - Tyler Wotherspoon is hit by Justin Florek and loses puck.
9:43 of 3rd period - Icing by Emerson Etem.
9:44 of 3rd period - Jesse Joensuu wins face-off versus Jared Knight in River Frogs zone.
9:55 of 3rd period - Icing by Emerson Etem.
9:56 of 3rd period - Jared Knight wins face-off versus Evgeny Kuznetsov in River Frogs zone.
10:12 of 3rd period - Slapshot by Evgeny Kuznetsov.
10:12 of 3rd period - Shot Blocked by Shane Sims.
10:27 of 3rd period - Tyler Wotherspoon is hit by Matt Calvert and loses puck.
10:44 of 3rd period - Snap shot by Austin Watson.
10:44 of 3rd period - Shot Misses the Net.
10:46 of 3rd period - Slapshot by Shane Sims.
10:46 of 3rd period - Stopped by Matt Murray with a rebound.
10:48 of 3rd period - Wrist shot by Ryan Fitzgerald.
10:48 of 3rd period - Goal by Ryan Fitzgerald - River Frogs : 3 - Little Stars : 6.
10:49 of 3rd period - Evgeny Kuznetsov wins face-off versus Matt Calvert in neutral zone.
11:00 of 3rd period - Snap shot by Jesse Joensuu.
11:00 of 3rd period - Stopped by Thomas Greiss with a rebound.
11:02 of 3rd period - Slapshot by Tyson Barrie.
11:02 of 3rd period - Deflect By Evgeny Kuznetsov.
11:02 of 3rd period - Shot Misses the Net.
11:02 of 3rd period - Puck is out of play.
11:03 of 3rd period - Evgeny Kuznetsov wins face-off versus Leon Draisaitl in River Frogs zone.
11:04 of 3rd period - Wrist shot by Jesse Joensuu.
11:04 of 3rd period - Shot Misses the Net.
11:06 of 3rd period - Slapshot by Tyson Barrie.
11:06 of 3rd period - Shot Misses the Net.
11:10 of 3rd period - Snap shot by Scott Kosmachuck.
11:10 of 3rd period - Stopped by Thomas Greiss with a rebound.
11:17 of 3rd period - Off-side.
11:18 of 3rd period - Dana Tyrell wins face-off versus Jared Knight in neutral zone.
11:27 of 3rd period - Slapshot by Dana Tyrell.
11:27 of 3rd period - Deflect By Justin Florek.
11:27 of 3rd period - Shot Blocked by Dillon Heatherington.
11:27 of 3rd period - Puck is out of play.
11:28 of 3rd period - Jared Knight wins face-off versus Dana Tyrell in River Frogs zone.
11:30 of 3rd period - Minor Penalty to Jared Knight for Tripping.
11:31 of 3rd period - Andrew Gordon wins face-off versus Evgeny Kuznetsov in River Frogs zone.
12:03 of 3rd period - Slapshot by Tyler Wotherspoon.
12:03 of 3rd period - Shot Blocked by Shane Sims.
12:05 of 3rd period - Snap shot by Jesse Joensuu.
12:05 of 3rd period - Shot Hit the Post.
12:07 of 3rd period - Wrist shot by Tyson Barrie.
12:07 of 3rd period - Shot Blocked by Leon Draisaitl.
13:10 of 3rd period - Scott Kosmachuck is hit by Leon Draisaitl and loses puck.
13:30 of 3rd period - Penalty to Jared Knight is over, Jared Knight is back on ice.
13:57 of 3rd period - Ryan Fitzgerald is hit by Patrick Wiercioch and loses puck.
14:25 of 3rd period - Roman Horak is hit by Andrew Gordon and loses puck.
15:06 of 3rd period - Snap shot by Justin Florek.
15:06 of 3rd period - Stopped by Matt Murray with a rebound.
15:08 of 3rd period - Slapshot by Dillon Heatherington.
15:08 of 3rd period - Stopped by Matt Murray with a rebound.
15:20 of 3rd period - Wrist shot by Jesse Joensuu.
15:20 of 3rd period - Stopped by Thomas Greiss with a rebound.
15:22 of 3rd period - Wrist shot by Evgeny Kuznetsov.
15:22 of 3rd period - Stopped by Thomas Greiss with a rebound.
15:24 of 3rd period - Slapshot by Anton Cederholm.
15:24 of 3rd period - Shot Misses the Net.
15:34 of 3rd period - Slapshot by Andrew Gordon.
15:34 of 3rd period - Stopped by Matt Murray without a rebound.
15:35 of 3rd period - Maxim Mamin wins face-off versus Dana Tyrell in Little Stars zone.
15:36 of 3rd period - Wrist shot by Joakim Nordstrom.
15:36 of 3rd period - Stopped by Matt Murray without a rebound.
15:37 of 3rd period - Dana Tyrell wins face-off versus Maxim Mamin in Little Stars zone.
15:49 of 3rd period - Wrist shot by Dana Tyrell.
15:49 of 3rd period - Deflect By Michael Mersch.
15:49 of 3rd period - Goal by Michael Mersch - River Frogs : 3 - Little Stars : 7.
15:50 of 3rd period - Leon Draisaitl wins face-off versus Evgeny Kuznetsov in neutral zone.
16:32 of 3rd period - Wrist shot by Dana Tyrell.
16:32 of 3rd period - Goal by Dana Tyrell - River Frogs : 3 - Little Stars : 8.
16:33 of 3rd period - Leon Draisaitl wins face-off versus Evgeny Kuznetsov in neutral zone.
16:40 of 3rd period - Snap shot by Andrew Gordon.
16:40 of 3rd period - Stopped by Matt Murray without a rebound.
16:41 of 3rd period - Leon Draisaitl wins face-off versus Evgeny Kuznetsov in Little Stars zone.
17:06 of 3rd period - Wrist shot by Evgeny Kuznetsov.
17:06 of 3rd period - Goal by Evgeny Kuznetsov - River Frogs : 3 - Little Stars : 9.
17:07 of 3rd period - Andrew Gordon wins face-off versus Evgeny Kuznetsov in neutral zone.
17:09 of 3rd period - Shane Sims is hit by Tyson Barrie and loses puck.
18:02 of 3rd period - Wrist shot by Leon Draisaitl.
18:02 of 3rd period - Stopped by Matt Murray without a rebound.
18:03 of 3rd period - Evgeny Kuznetsov wins face-off versus Jared Knight in Little Stars zone.
18:10 of 3rd period - Snap shot by Scott Kosmachuck.
18:10 of 3rd period - Shot Misses the Net.
18:16 of 3rd period - Wrist shot by Justin Florek.
18:16 of 3rd period - Shot Misses the Net.
18:18 of 3rd period - Snap shot by Justin Florek.
18:18 of 3rd period - Stopped by Matt Murray without a rebound.
18:19 of 3rd period - Dana Tyrell wins face-off versus Austin Watson in Little Stars zone.
18:19 of 3rd period - Patrick Wiercioch is hit by Austin Watson.
18:33 of 3rd period - Anton Cederholm is hit by Shane Sims and loses puck.
18:46 of 3rd period - Emerson Etem is hit by Sebastian Wannstrom and loses puck.
19:34 of 3rd period - Slapshot by Roman Horak.
19:34 of 3rd period - Shot Misses the Net.
19:40 of 3rd period - Roman Horak is hit by Matt Calvert and loses puck.
19:59 of 3rd period - Snap shot by Dana Tyrell.
19:59 of 3rd period - Stopped by Thomas Greiss with a rebound.
Goals for this period are 2 for River Frogs vs 5 for Little Stars.
Shots for this period are 18 for River Frogs vs 14 for Little Stars.
Back to the Top